 Dungeon Crawl Stone Soup version 0.19.1 (webtiles) character file.

2826 nikopol the Fighter (level 9, -3/82 HPs)
             Began as a Minotaur Berserker on Nov 27, 2016.
             Was an Elder of Trog.
             Slain by an unseen horror (4 damage)
             ... on level 8 of the Dungeon.
             The game lasted 00:19:49 (7151 turns).

nikopol the Fighter (Minotaur Berserker)            Turns: 7151, Time: 00:19:49

Health: -3/82      AC:  8    Str: 22      XL:     9   Next: 45%
Magic:  8/8        EV: 13    Int: 14      God:    Trog [****..]
Gold:   345        SH:  0    Dex: 10 (13) Spells: 0 memorised, 8 levels left

rFire  . . .     SeeInvis .     H - +2 hand axe (chop)
rCold  . . .     Gourm    .     x - +0 scale mail (curse)
rNeg   . . .     Faith    .     (no shield)
rPois  .         Spirit   .     (helmet restricted)
rElec  .         Reflect  .     (no cloak)
rCorr  .         Harm     .     (no gloves)
MR     .....                    (no boots)
Stlth  ..........               (no amulet)
                                p - +6 ring of intelligence
                                g - +4 ring of intelligence

@: no status effects
A: retaliatory headbutt, horns 2
a: Berserk, Trog's Hand, Brothers in Arms, Burn Spellbooks, Renounce Religion


You were on level 8 of the Dungeon.
You worshipped Trog.
Trog was greatly pleased with you.
You were not hungry.

You visited 1 branch of the dungeon, and saw 8 of its levels.

You collected 345 gold pieces.

Inventory:

Hand Weapons
 a - a +0 hand axe
 H - a +2 hand axe of chopping (weapon)
Missiles
 v - 19 arrows (quivered)
Armour
 b - a +0 animal skin
 j - a +0 scale mail
 x - a cursed +0 scale mail (worn)
Jewellery
 g - a +4 ring of intelligence (left hand)
 p - a +6 ring of intelligence (right hand)
 y - an uncursed amulet of rage {unknown}
 C - an uncursed amulet of magic regeneration {unknown}
Wands
 u - a wand of flame (27/48)
 z - a wand of digging (14/24)
 B - a wand of slowing (16/48)
Scrolls
 d - 11 scrolls of identify {unknown}
 f - 2 scrolls of amnesia {unknown}
 h - 6 scrolls of random uselessness {unknown}
 k - 6 scrolls of remove curse {unknown}
 l - 2 scrolls of magic mapping {unknown}
 t - a scroll of fog {unknown}
 D - a scroll of noise {unknown}
 G - a scroll of recharging {unknown}
Potions
 e - 3 potions of lignification {unknown}
 i - 2 potions of might {unknown}
 n - 2 potions of haste {unknown}
 o - a potion of cure mutation {unknown}
 q - 4 potions of curing {unknown}
 s - a potion of degeneration {unknown}
 A - a potion of berserk rage {unknown}
 F - 2 potions of heal wounds {unknown}
Comestibles
 c - 7 bread rations
 m - 3 beef jerkies
 r - 7 fruits
 w - 3 meat rations


   Skills:
 + Level 8.8 Fighting
 + Level 8.5 Axes
 + Level 8.3 Armour
 + Level 7.3 Dodging


You had 8 spell levels left.
You didn't know any spells.

Dungeon Overview and Level Annotations

Branches:
Dungeon (8/15)             Temple (0/1) D:4
   Lair: D:8-11

Altars:
Ashenzari
Elyvilon
Fedhas
Gozag
Makhleb
Nemelex Xobeh
Xom
The Shining One

Shops:
D:5 =:


Innate Abilities, Weirdness & Mutations

You reflexively headbutt those who attack you in melee.
You have a pair of horns on your head.


Message History

Something hits you. Something hits you! Something hits you! Something hits you.
Something hits you but does no damage. Something hits you. Something hits you!
* * * LOW HITPOINT WARNING * * *
You miss something. You headbutt something. Something hits you.
* * * LOW HITPOINT WARNING * * *
Something hits you!
* * * LOW HITPOINT WARNING * * *
Something hits you.
* * * LOW HITPOINT WARNING * * *
You slash something! Something hits you but does no damage.
You closely miss something. You headbutt something. Something hits you.
* * * LOW HITPOINT WARNING * * *
Something barely misses you. Something hits you.
* * * LOW HITPOINT WARNING * * *
You hit something. Something hits you.
You die...

#.$. #... .#
###...####### .#
...?........# .#
............# .#
............# .#
#........+ .#
####........#####.#
...............@..# .#
......####'#.###### .#.#
...... #.#... ...
......####.############.#
...........#.........)..#
########.........>......#
####..#..........#
#..##.####....#
#..##.#<##....#


There were no monsters in sight!

Vanquished Creatures
  Grinder (D:3)
  Sigmund (D:6)
  A steam dragon (D:6)
  Eustachio (D:5)
  The ghost of feelmyfire the Conjurer, an amateur DECj (D:4)
  Duvessa (D:7)
  2 ice beasts (D:5)
  A sky beast (D:6)
  An orc warrior (D:7)
  A phantom (D:5)
  2 ogres (D:4)
  A bullfrog (D:6)
  Dowan (D:7)
  4 scorpions
  2 crimson imps
  A quasit (D:8)
  4 orc priests
  5 hounds
  3 jellies
  5 orc wizards
  An iguana (D:6)
  4 worker ants
  A howler monkey skeleton (D:8)
  A howler monkey zombie (D:6)
  8 gnolls (D:3)
  13 adders
  2 worms
  2 dart slugs
  5 leopard geckos
  23 orcs
  8 giant cockroaches
  4 goblins
  6 hobgoblins
  11 jackals
  6 quokkas
  3 bats
  3 frilled lizards
  7 kobolds
  5 rats
  10 fungi (D:4)
  6 plants (D:4)
168 creatures vanquished.

Vanquished Creatures (others)
  An orc wizard (D:6)
1 creature vanquished.

Grand Total: 169 creatures vanquished

Notes
Turn   | Place    | Note
-------+----------+-------------------------------------------
     0 | D:1      | nikopol the Minotaur Berserker began the quest for the Orb.
     0 | D:1      | Reached XP level 1. HP: 19/19 MP: 0/0
   332 | D:1      | Reached XP level 2. HP: 24/27 MP: 1/1
   738 | D:2      | Reached XP level 3. HP: 33/33 MP: 2/2
   930 | D:2      | Found a white marble altar of Elyvilon.
  1147 | D:3      | Noticed Grinder
  1149 | D:3      | Reached ** piety under Trog
  1149 | D:3      | Paralysed by Grinder for 5 turns
  1160 | D:3      | Reached XP level 4. HP: 31/41 MP: 3/3
  1173 | D:3      | Killed Grinder
  1173 | D:3      | Reached skill level 5 in Fighting
  1173 | D:3      | Reached skill level 5 in Axes
  1173 | D:3      | Reached XP level 5. HP: 35/48 MP: 4/4
  1173 | D:3      | Reached XP level 6. HP: 41/56 MP: 5/5
  1703 | D:3      | Reached *** piety under Trog
  2142 | D:4      | Reached skill level 5 in Armour
  2143 | D:4      | Reached XP level 7. HP: 47/61 MP: 6/6
  2483 | D:4      | Noticed feelmyfire's ghost (amateur DECj)
  2492 | D:4      | Killed feelmyfire's ghost
  2492 | D:4      | Reached skill level 5 in Dodging
  2521 | D:4      | Found a staircase to the Ecumenical Temple.
  2581 | D:4      | Found a blossoming altar of Fedhas.
  3185 | D:4      | Reached XP level 8. HP: 31/71 MP: 7/7
  3190 | D:4      | HP: 5/106 [orc priest/divine providence (11)]
  3717 | D:5      | Entered Level 5 of the Dungeon
  4096 | D:5      | Found a shattered altar of Ashenzari.
  4156 | D:5      | Found a burning altar of Makhleb.
  4266 | D:5      | Found Rittamea's Book Emporium.
  4353 | D:5      | Found Ula Iri's Jewellery Emporium.
  4604 | D:5      | Noticed Eustachio
  4616 | D:5      | Killed Eustachio
  4616 | D:5      | Reached **** piety under Trog
  5099 | D:6      | Found a glowing golden altar of the Shining One.
  5158 | D:6      | Reached XP level 9. HP: 75/81 MP: 8/8
  5531 | D:6      | Noticed Sigmund
  5542 | D:6      | Killed Sigmund
  5788 | D:6      | Found a sparkling altar of Nemelex Xobeh.
  6276 | D:7      | Found a shimmering altar of Xom.
  6354 | D:7      | Noticed Duvessa
  6355 | D:7      | Noticed Dowan
  6363 | D:7      | Killed Duvessa
  6386 | D:7      | Killed Dowan
  6568 | D:7      | Found an opulent altar of Gozag.
  7150 | D:8      | HP: 3/82 [something (4)]
  7150 | D:8      | HP: 1/82 [something (2)]
  7151 | D:8      | Slain by an unseen horror

Skill      XL: |  1  2  3  4  5  6  7  8  9 |
---------------+----------------------------+-----
Axes           | 4 5 6 7 8 |  8.5
Armour         | 3 4 5 6 7 8 |  8.3
Fighting       | 4 5 6 8 |  8.8
Dodging        | 3 4 5 6 7 |  7.3

Action                   |  1- 3 |  4- 6 |  7- 9 || total
-------------------------+-------+-------+-------++-------
Melee: Hand axe          |    58 |    95 |   467 ||   620
       Headbutt          |     8 |    16 |   140 ||   164
Invok: Berserk           |     1 |     1 |     4 ||     6
  Eat: Chunk             |     1 |     4 |    19 ||    24
       Pizza             |       |       |     1 ||     1
Armor: Scale mail        |    25 |    35 |   110 ||   170
Dodge: Dodged            |    34 |    64 |   188 ||   286
